 Dungeon Crawl Stone Soup version 0.17.0-18-gaab0e96 (webtiles) character file.

219 Vatticson the Poker (level 5, 0/45 HPs)
             Began as a Hill Orc Gladiator on Nov 10, 2015.
             Slain by an orc
             ... wielding a +0 falchion of slicing
              (1 damage)
             ... on level 3 of the Dungeon on Nov 11, 2015.
             The game lasted 00:12:58 (2187 turns).

Vatticson the Poker (Hill Orc Gladiator)            Turns: 2187, Time: 00:12:59

Health: 0/45       AC:  5    Str: 19      XL:     5   Next: 96%
Magic:  5/5        EV: 12    Int:  7 (8)  God:
Gold:   128        SH:  0    Dex: 11      Spells: 0 memorised, 4 levels left

rFire  . . .     SeeInvis .     a - +0 trident
rCold  . . .     Clarity  .     b - +0 leather armour
rNeg   . . .     SustAt   .     (no shield)
rPois  .         Gourm    .     c - +0 helmet
rElec  .         Spirit   .     (no cloak)
rCorr  .         Warding  .     m - +0 pair of gloves
rMut   .         Stasis   .     (no boots)
MR     .....                    (no amulet)
Stlth  +.........               (no ring)
                                (no ring)

@: slowed, very slow, not resistant to hostile enchantments, very unstealthy
A: no striking features
a: no special abilities


You were on level 3 of the Dungeon.
You were not hungry.

You visited 1 branch of the dungeon, and saw 3 of its levels.

You collected 128 gold pieces.

Inventory:

Hand Weapons
 a - a +0 trident (weapon)
 t - a +0 whip
Missiles
 d - 4 throwing nets (quivered)
Armour
 b - a +0 leather armour (worn)
 c - a +0 helmet (worn)
 m - a +0 pair of gloves (worn)
Scrolls
 f - a scroll of enchant weapon {unknown}
 g - a scroll of identify {unknown}
 h - 2 scrolls of blinking {unknown}
 j - a scroll of teleportation
 k - a scroll of fear {unknown}
 q - a scroll of recharging {unknown}
 r - a scroll of remove curse {unknown}
Potions
 p - a potion of resistance {unknown}
Comestibles
 e - 2 bread rations
 s - a meat ration


   Skills:
 + Level 3.5 Fighting
 * Level 5.5 Polearms
 + Level 3.1 Throwing
 - Level 2.6 Dodging


You had 4 spell levels left.
You didn't know any spells.

Dungeon Overview and Level Annotations

Branches:
Dungeon (3/15)

Altars:
Gozag
Sif Muna


Message History

The orc hits you from afar with a trident.
The orc hits you with a falchion of slicing.
* * * LOW HITPOINT WARNING * * *
x2 The orc barely misses you.
The orc hits you but does no damage.
You barely miss the orc.
The orc is moderately wounded.
The orc hits you from afar with a trident.
* * * LOW HITPOINT WARNING * * *
The orc barely misses you.
You barely miss the orc.
The orc is moderately wounded.
The orc hits you from afar with a trident.
* * * LOW HITPOINT WARNING * * *
The orc misses you. The orc hits you but does no damage.
Drink which item? (? for menu, Esc to quit)
It was a potion of magic.
Magic courses through your body. The orc closely misses you.
The orc hits you but does no damage.
The orc hits you with a falchion of slicing.
You die...

#................##.......
#............#.....####...
#.......##..(..#.#........
#...........####..........
#..)..###..))###.........#
#.....###.##............##
#.....#...##.####......# #
#.......###o.# #......# #
#........@oo## #......###
#.....####### #oo......
#.....# ##......##
#....... #.........
#....... #####........#
#....... #...........<#
....... ...##..)....#.# .
#.......... ..........##


You could see 3 orcs.

Vanquished Creatures
  Ijyb (D:2)
  An orc wizard (D:3)
  Jessica (D:2)
  Terence (D:3)
  2 adders (D:2)
  4 gnolls (D:2)
  An ooze (D:1)
  4 giant geckos
  2 orcs
  6 bats
  5 hobgoblins
  3 jackals (D:2)
  8 kobolds
  A quokka (D:2)
  A ball python (D:2)
  7 giant newts
  6 goblins
  6 rats
60 creatures vanquished.

Vanquished Creatures (others)
  4 toadstools (D:1)
4 creatures vanquished.

Grand Total: 64 creatures vanquished

Notes
Turn   | Place    | Note
--------------------------------------------------------------
     0 | D:1      | Vatticson the Hill Orc Gladiator began the quest for the Orb.
     0 | D:1      | Reached XP level 1. HP: 18/18 MP: 1/1
   167 | D:1      | Upgraded the game from 0.17.0-15-g6d90897 to 0.17.0-18-gaab0e96
   255 | D:1      | Reached XP level 2. HP: 23/25 MP: 2/2
   674 | D:1      | Reached XP level 3. HP: 30/30 MP: 3/3
   918 | D:2      | Reached skill level 4 in Polearms
  1064 | D:2      | Noticed Ijyb
  1079 | D:2      | Killed Ijyb
  1079 | D:2      | Reached XP level 4. HP: 36/38 MP: 4/4
  1083 | D:2      | Noticed Jessica
  1087 | D:2      | Killed Jessica
  1205 | D:2      | Found a faded altar to an unknown god.
  1238 | D:2      | Became a worshipper of Sif Muna the Loreminder
  1238 | D:2      | Reached * piety under Sif Muna
  1243 | D:2      | Fell from the grace of Sif Muna
  1290 | D:2      | Reached XP level 5. HP: 34/45 MP: 5/5
  1297 | D:2      | Reached skill level 5 in Polearms
  1756 | D:2      | Found an opulent altar of Gozag.
  1983 | D:3      | Noticed Terence
  1994 | D:3      | Killed Terence
  2186 | D:3      | HP: 1/45 [orc/trident (4)]
  2187 | D:3      | Slain by an orc

Action                   |  1- 3 |  4- 6 || total
-------------------------+-------+-------++-------
Melee: Trident           |   108 |   135 ||   243
Throw: Throwing net      |     2 |     1 ||     3
Invok: Renounce Religion |       |     1 ||     1
  Use: Potion            |     2 |     5 ||     7
       Scroll            |     1 |       ||     1
 Stab: Sleeping          |     1 |       ||     1
  Eat: Meat ration       |     1 |       ||     1
